[Event "*** Titled Tuesday Blitz"]
[Site "Chess.com"]
[Date "2020.11.10"]
[Round "5"]
[White "DishonorOnYourCow"]
[Black "JonahWillow"]
[Result "0-1"]
[WhiteElo "2389"]
[BlackElo "2617"]
[TimeControl "180+1"]
[EndTime "10:58:09 PST"]
[Termination "JonahWillow won by checkmate"]

1. d4 Nf6 2. c4 e6 3. Nf3 c5 4. d5 exd5 5. cxd5 d6 6. Nc3 g6 7. Nd2 Bg7 8. e4 O-O 9. Be2 a6 10. a4 Re8 11. O-O Nbd7 12. h3 Rb8 13. Qc2 h6 14.
Nc4 Ne5 15. Nxe5 Rxe5 16. Bf4 Re8 17. Bh2 Qc7 18. f4 Bd7 19. e5 Nh7 20. e6 fxe6 21. Qxg6 Nf8 22. Qh5 Qd8 23. Bg4 exd5 24. Qxd5+ Kh8 25.
Bh5 Bc6 26. Qd2 Re3 27. f5 Bd4 28. Kh1 Rxh3 29. Qxh6+ Nh7 30. Ne2 Rxh2+ 31. Kxh2 Qh4# 0-1

[Event "*** Titled Tuesday Blitz"]
[Site "Chess.com"]
[Date "2020.11.10"]
[Round "5"]
[White "pavelalexandru07"]
[Black "Volodar_Murzin"]
[Result "0-1"]
[WhiteElo "2291"]
[BlackElo "2550"]
[TimeControl "180+1"]
[EndTime "10:58:11 PST"]
[Termination "Volodar_Murzin won by resignation"]

1. e4 c5 2. Nf3 d6 3. d4 cxd4 4. Nxd4 Nf6 5. Nc3 a6 6. Bg5 Nbd7 7. f4 Qc7 8. Qe2 e5 9. Nf5 h6 10. Bxf6 Nxf6 11. fxe5 dxe5 12. Ne3 Bb4 13. Qd3 Be6 14. a3 Bxc3+ 15. bxc3 Rd8 16. Nd5 Nxd5 17. exd5 Rxd5 18. Qg3 O-O 19. Be2 Qc5 20. c4 Rd6 21. Qc3 Rc8 22. Rb1 b5 23. Rb4 Rd4 24. Rf1 Rcd8 25. Rf3 Bxc4 26. Bxc4 bxc4 27. Re3 e4 28. Ke2 Qh5+ 29. Ke1 Qxh2 30. Kf2 Rd2+ 0-1

[Event "*** Titled Tuesday Blitz"]
[Site "Chess.com"]
[Date "2020.11.10"]
[Round "5"]
[White "RaunakSadhwani2005"]
[Black "Sanan_Sjugirov"]
[Result "1-0"]
[WhiteElo "2992"]
[BlackElo "2827"]
[TimeControl "180+1"]
[EndTime "10:58:12 PST"]
[Termination "RaunakSadhwani2005 won on time"]

1. c4 e6 2. Nf3 d5 3. d4 Nf6 4. g3 Bb4+ 5. Bd2 Be7 6. Bg2 O-O 7. O-O c6 8. Bc3 Ne4 9. Nbd2 Nxc3 10. bxc3 b6 11. a4 Ba6 12. Qb3 Nd7 13. Rfd1 Qc7 14. e4 dxc4 15. Nxc4 Rfd8 16. Ne3 Rac8 17. a5 b5 18. Qb2 Rb8 19. Bf1 Nf6 20. Qc2 Bb7 21. a6 Ba8 22. c4 bxc4 23. Bxc4 c5 24. d5 exd5 25. exd5 Bd6 26. Ra3 Rb4 27. h4 Re8 28.
Nf5 g6 29. Qc3 Qd8 30. Nh6+ Kg7 31. Ng5 Be5 32. Qc2 Qd7 33. d6 Qc6 34. Rf3 1-0

[Event "*** Titled Tuesday Blitz"]
[Site "Chess.com"]
[Date "2020.11.10"]
[Round "5"]
[White "RobPeresian"]
[Black "oskariot"]
[Result "0-1"]
[WhiteElo "2466"]
[BlackElo "2700"]
[TimeControl "180+1"]
[EndTime "10:58:12 PST"]
[Termination "oskariot won on time"]

1. Nf3 c5 2. c4 g6 3. Nc3 Bg7 4. d4 cxd4 5. Nxd4 Nc6 6. Nxc6 bxc6 7. g3 Nf6 8. Bg2 O-O 9. O-O Rb8 10. Qd2 Qc7 11. b3 Bb7 12. Bb2 d6 13. Rac1 c5 14. e4 Nd7 15. Nd5 Bxd5 16. cxd5 Bxb2 17. Qxb2 a5 18.
Qd2 a4 19. bxa4 Qa7 20. a5 Rb4 21. h4 Nf6 22. Rfe1 Qc7 23. a6 Ra4 24. f3 Rxa6 25.
Bf1 Ra3 26. Kg2 Rfa8 27. Bc4 Nd7 28. Bb3 Qa5 29. Qxa5 R8xa5 30. f4 f6 31. Re2 Rb5 32. Rec2 Nb6 33. Kf2 Rb4 34. Re1 c4 0-1

[Event "*** Titled Tuesday Blitz"]
[Site "Chess.com"]
[Date "2020.11.10"]
[Round "5"]
[White "PavlovDanila"]
[Black "IANOV0007"]
[Result "0-1"]
[WhiteElo "2644"]
[BlackElo "2449"]
[TimeControl "180+1"]
[EndTime "10:58:14 PST"]
[Termination "IANOV0007 won by checkmate"]

1. e4 d6 2. d4 Nf6 3. Nc3 e5 4. Nf3 exd4 5. Nxd4 Be7 6. Qf3 O-O 7. Nf5 Bxf5 8. exf5 Nc6 9. Bf4 Nd4 10. Qd3 c5 11. O-O-O a6 12. h3 b5 13. g4 b4 14. Ne4 Nxe4 15. Qxe4 Bf6 16. Bg2 Ra7 17. h4 Re8 18. Qd5 Ne2+ 19. Kb1 Nxf4 20. Qf3 Nxg2 21. Qxg2 Bxh4 22.
Qh2 d5 23. Qxh4 Qxh4 24. Rxh4 h6 25. b3 d4 26. Rdh1 f6 27. f4 Re4 28. g5 fxg5 29.
fxg5 Rxh4 30. Rxh4 hxg5 31. Rg4 Kf7 32. Rxg5 Kf6 33.
Rg6+ Kxf5 34. Rc6 g5 35. Rxc5+ Kf4 36. Kc1 g4 37. Kd1 g3 38. Ke1 Rh7 39. Rd5 Rh1+ 40.
Ke2 g2 41. Rxd4+ Ke5 42. Rg4 g1=Q 43. Rxg1 Rxg1 44. Kd3 Kd5 45. c3 Rg3+ 46. Kc2 Rxc3+ 47. Kb2 Rf3 48. a3 Rf2+ 49. Ka1 bxa3 50. b4 Kc4 51. Kb1 Kb3 52. Ka1 Rf1# 0-1

[Event "*** Titled Tuesday Blitz"]
[Site "Chess.com"]
[Date "2020.11.10"]
[Round "5"]
[White "KaterinaMiroshnik"]
[Black "CM_rui"]
[Result "1-0"]
[WhiteElo "2568"]
[BlackElo "2391"]
[TimeControl "180+1"]
[EndTime "10:58:14 PST"]
[Termination "KaterinaMiroshnik won by checkmate"]

1. d3 Nf6 2. Nd2 g6 3. Ngf3 Bg7 4. e4 O-O 5. Be2 d6 6. O-O Nbd7 7. c3 a5 8. Re1 b6 9. a3 Bb7 10. b3 e6 11. Qc2 Qe7 12. Bb2 h6 13. d4 Nh5 14.
Bf1 c5 15. d5 exd5 16. exd5 Qd8 17. c4 Bxb2 18. Qxb2 Ng7 19. g3 Nf6 20. Bg2 Nf5 21.
Bh3 Ng7 22. a4 Nh7 23. Bg2 Bc8 24. Re2 Bg4 25. h3 Bf5 26. Rae1 Ra7 27. Qc3 g5 28. Nh2 Qc8 29. g4 Bg6 30. Be4 f5 31. Bd3 Raf7 32.
Re6 Nxe6 33. Rxe6 Rf6 34. gxf5 Bxf5 35. Bxf5 Rxf5 36. Rg6+ Kf7 37. Qg7+ Ke8 38. Re6+ Qxe6 39. dxe6 Rxf2 40. Qd7# 1-0

[Event "*** Titled Tuesday Blitz"]
[Site "Chess.com"]
[Date "2020.11.10"]
[Round "5"]
[White "Grandelicious"]
[Black "FMJoseHerrera"]
[Result "1-0"]
[WhiteElo "2800"]
[BlackElo "2589"]
[TimeControl "180+1"]
[EndTime "10:58:15 PST"]
[Termination "Grandelicious won by resignation"]

1. e4 c5 2. Nc3 e6 3. Nf3 a6 4. g3 Qc7 5. Bg2 b6 6. O-O Bb7 7. d4 cxd4 8. Nxd4 d6 9. Re1 Nd7 10. Nd5 exd5 11. exd5+ Be7 12. Nc6 Nc5 13. b4 Bxc6 14.
bxc5 Bb7 15. cxd6 Qxd6 16. Bf4 Qd7 17. d6 Bxg2 18. Kxg2 O-O-O 19. dxe7 Qb7+ 20. Qf3 Qxf3+ 21. Kxf3 Re8 22. Rab1 Kb7 23. Bd6 Kc6 24. Ba3 Nf6 25.
Rb3 Nd5 26. c4 Nc7 27. Rd1 b5 28. Rd6+ Kb7 29. cxb5 Nxb5 30. Rdd3 Rc8 31. Bb4 Rhe8 32. a4 Na7 33. Rd7+ Rc7 34. Ba5+ Nb5 35. Rxc7+ Ka8 36. axb5 1-0

[Event "*** Titled Tuesday Blitz"]
[Site "Chess.com"]
[Date "2020.11.10"]
[Round "5"]
[White "MariaFominykh"]
[Black "KarstenHansch"]
[Result "1/2-1/2"]
[WhiteElo "2358"]
[BlackElo "2520"]
[TimeControl "180+1"]
[EndTime "10:58:15 PST"]
[Termination "Game drawn by repetition"]

1. d4 d5 2. c4 e6 3. Nc3 Nf6 4. cxd5 exd5 5. Bg5 c6 6. e3 Be7 7. Bd3 Nbd7 8. Nf3 h6 9. Bh4 Nh5 10. Bxe7 Qxe7 11. O-O O-O 12. Rb1 a5 13. a3 Nhf6 14.
Qc2 Ne8 15. b4 axb4 16. axb4 b5 17. Ne2 Bb7 18. Ng3 Nb6 19. Nf5 Qf6 20. Ne5 Nd6 21. Qc5 Ndc4 22. Bxc4 Nxc4 23. Ne7+ Kh8 24. Nd7 Qd6 25. Nxf8 Rxf8 26. Nf5 Qxc5 27. dxc5 Nd2 28. f3 Bc8 29. Nd4 Bb7 30. Kf2 Ra8 31. Ra1 Nxf1 32. Rxa8+ Bxa8 33. Kxf1 g6 34. Kf2 Kg7 35.
g4 Kf6 36. f4 Ke7 37. Kg3 Kf6 38. h4 Bb7 39. h5 gxh5 40. gxh5 Ba8 41. Kg4 Bb7 42. Kh4 Ba8 43. Kg4 Bb7 44. Kh4 Ba8 45. Kg4 1/2-1/2

[Event "*** Titled Tuesday Blitz"]
[Site "Chess.com"]
[Date "2020.11.10"]
[Round "5"]
[White "ural58"]
[Black "sokidze"]
[Result "1-0"]
[WhiteElo "2382"]
[BlackElo "2564"]
[TimeControl "180+1"]
[EndTime "10:58:16 PST"]
[Termination "ural58 won by resignation"]

1. e4 c5 2. b3 Nc6 3. Bb2 e5 4. f4 exf4 5. Qf3 Nd4 6. Bxd4 cxd4 7. c3 d5 8. Ne2 Nf6 9. e5 Ne4 10. Nxf4 dxc3 11. Nxc3 Bb4 12. Bb5+ Bd7 13. e6 Bxb5 14. exf7+ Kxf7 15. Nfxd5+ Nf6 16. Nxb4 Re8+ 17. Kd1 Qd7 18. Nbd5 Bc6 19. Rf1 Rad8 20. Qh5+ Kg8 21. Rxf6 Bxd5 22. Qxd5+ Qxd5 23. Nxd5 Rxd5 24. Rf2 Rc8 25.
Rc1 Rcd8 26. Rc7 Ra5 27. a4 b5 28. Rff7 bxa4 29. Rxg7+ Kf8 30. Rcf7+ Ke8 31. bxa4 Rxa4 32.
Rxh7 Ra1+ 33. Ke2 Ra2 34. Rh8+ Kxf7 35. Rxd8 1-0

[Event "*** Titled Tuesday Blitz"]
[Site "Chess.com"]
[Date "2020.11.10"]
[Round "5"]
[White "Shuvalov"]
[Black "FMalexhdez"]
[Result "1-0"]
[WhiteElo "2446"]
[BlackElo "2282"]
[TimeControl "180+1"]
[EndTime "10:58:19 PST"]
[Termination "Shuvalov won on time"]

1. Nf3 d5 2. c4 c6 3. g3 Nf6 4. Bg2 g6 5. b3 Bg7 6. Bb2 O-O 7. O-O a6 8. d3 b5 9. Nbd2 Nbd7 10. Rc1 Bb7 11. Rc2 Ne8 12. Bxg7 Nxg7 13. d4 Nf5 14. e3 Nd6 15. Qe2 Rc8 16. Rfc1 b4 17. e4 dxe4 18. Nxe4 Nxe4 19. Qxe4 Nf6 20. Qe3 c5 21. d5 Qd6 22. Re2 Rfe8 23. Bh3 Rc7 24. Rce1 Kg7 25. Ng5 h6 26. Ne4 Nxe4 27. Qxe4 Rd8 28.
Qe5+ Qxe5 29. Rxe5 Kf6 30. f4 Bc8 31. Bxc8 Rdxc8 32. Kf2 h5 33. Kf3 Ra8 34. h3 a5 35. g4 hxg4+ 36.
hxg4 Raa7 37. g5+ Kg7 38. Kg4 a4 39. f5 axb3 40. axb3 gxf5+ 41. Rxf5 Ra3 42. Re3 e6 43. dxe6 fxe6 44. Rfe5 Re7 45. Rxc5 Ra1 46. Rb5 Rg1+ 47. Kf4 Rf7+ 48. Ke4 Rg4+ 49. Kd3 Rd7+ 50. Ke2 Rg2+ 51.
Kf3 Rdd2 52. Rxb4 1-0

[Event "*** Titled Tuesday Blitz"]
[Site "Chess.com"]
[Date "2020.11.10"]
[Round "5"]
[White "Chess2019Player"]
[Black "petrkostenko"]
[Result "0-1"]
[WhiteElo "2245"]
[BlackElo "2455"]
[TimeControl "180+1"]
[EndTime "10:58:20 PST"]
[Termination "petrkostenko won on time"]

1. Nf3 c5 2. b3 d6 3. Bb2 e5 4. d3 f5 5. g3 Nf6 6. Bg2 Nc6 7. O-O g6 8. Nbd2 Bg7 9. e3 O-O 10. d4 cxd4 11. exd4 e4 12. Ng5 Ng4 13. Nh3 e3 14. Nf3 f4 15. Nxf4 exf2+ 16. Kh1 Ne3 17. Qe2 Nxf1 18. Rxf1 Bg4 19. h3 Bf5 20. Rxf2 Qa5 21.
Qc4+ Kh8 22. Ng5 Nd8 23. b4 Qa4 24. g4 Rc8 0-1

[Event "*** Titled Tuesday Blitz"]
[Site "Chess.com"]
[Date "2020.11.10"]
[Round "5"]
[White "Chamal_Gedgafov"]
[Black "KyrgyzFighter"]
[Result "0-1"]
[WhiteElo "2152"]
[BlackElo "2356"]
[TimeControl "180+1"]
[EndTime "10:58:21 PST"]
[Termination "KyrgyzFighter won on time"]

1. d4 f5 2. c4 Nf6 3. Nc3 g6 4. Nf3 Bg7 5. g3 O-O 6. Bg2 d6 7. O-O Qe8 8. b3 e5 9. dxe5 dxe5 10. e4 f4 11. Bb2 c6 12. Qd6 Nh5 13. Rad1 Bg4 14.
Na4 Na6 15. Rd2 fxg3 16. fxg3 Bxf3 17. Bxf3 Bh6 18. Rd3 Rd8 19. Qxd8 Qxd8 20. Rxd8 Rxd8 21. Bxe5 Rd2 22. Nc3 Nb4 23. Bxh5 Be3+ 24. Kh1 gxh5 25. Bf4 Bxf4 26. gxf4 Rc2 27. Rf3 Nxa2 28. Na4 b5 29.
cxb5 cxb5 30. e5 bxa4 31. bxa4 Re2 32. Rb3 Re4 33. Rb8+ Kg7 34. Rb7+ Kg6 35. Rxa7 Rxf4 36. Kg2 Re4 37. Ra5 Nc3 38. Kf3 Rxa4 39. Rxa4 Nxa4 40.
Kf4 Nc5 41. h4 h6 0-1

[Event "*** Titled Tuesday Blitz"]
[Site "Chess.com"]
[Date "2020.11.10"]
[Round "5"]
[White "mapleaff"]
[Black "FMKonstantin_Twitch"]
[Result "0-1"]
[WhiteElo "2370"]
[BlackElo "2553"]
[TimeControl "180+1"]
[EndTime "10:58:22 PST"]
[Termination "FMKonstantin_Twitch won by checkmate"]

1. e4 d5 2. exd5 Qxd5 3. Qf3 Qe6+ 4. Ne2 Nc6 5. Qe3 Qg6 6. d3 Nf6 7. Nf4 Qf5 8. Nc3 Nb4 9. Qe2 c6 10. a3 Nbd5 11. Ncxd5 Nxd5 12. Nxd5 Qxd5 13. Qe4 Bf5 14. Qxd5 cxd5 15. Be3 e6 16. f3 Bd6 17. c4 Ke7 18.
cxd5 exd5 19. Bd4 f6 20. Kf2 Rac8 21. Re1+ Kf7 22. g4 Bg6 23. h4 Rc2+ 24. Kg1 h5 25. g5 fxg5 26. hxg5 Bg3 27. Re2 Rc1 28. Kg2 h4 29. Bf2 Bxd3 30. g6+ Kf6 31. Bd4+ Kf5 32. Re7 Bxf1+ 33. Rxf1 h3+ 34. Kxg3 Rxf1 35. Rxg7 h2 36.
Rh7 Rxh7 37. gxh7 h1=Q 38. h8=Q Rxf3# 0-1

[Event "*** Titled Tuesday Blitz"]
[Site "Chess.com"]
[Date "2020.11.10"]
[Round "5"]
[White "BAS8892"]
[Black "vugarrasulov"]
[Result "0-1"]
[WhiteElo "2732"]
[BlackElo "2880"]
[TimeControl "180+1"]
[EndTime "10:58:23 PST"]
[Termination "vugarrasulov won by resignation"]

1. d4 Nf6 2. Bf4 e6 3. e3 d5 4. Nf3 Bd6 5. Bg3 c5 6. c3 Qc7 7. dxc5 Qxc5 8. Nbd2 O-O 9. Bd3 Nbd7 10. Qe2 Bxg3 11.
hxg3 h6 12. O-O-O Rb8 13. Kb1 b5 14. e4 b4 15. c4 dxe4 16. Nxe4 Nxe4 17. Bxe4 Nf6 18.
Bd3 Bb7 19. Rhe1 Rfd8 20. Ne5 Rd6 21. f3 Rbd8 22. g4 a5 23. Qe3 Qxe3 24. Rxe3 a4 25. b3 axb3 26. axb3 Kf8 27. Kc2 Ra6 28. Kb2 Ra5 29. Ra1 Rxe5 30. Rxe5 Rxd3 31. Re2 Ke7 32. Ra4 Bc6 33. Rxb4 Nd7 34. Kc2 Rd4 35. Kc3 Rd1 36. Rd2 Rg1 37. Kd4 e5+ 38. Ke3 Rc1 39. Ra2 Kd6 40. Kd2 Rg1 41. Kc3 g6 42. Ra6 Rxg2 43.
c5+ Nxc5 44. Rbb6 Nxa6 45. Rxa6 Rf2 0-1

[Event "*** Titled Tuesday Blitz"]
[Site "Chess.com"]
[Date "2020.11.10"]
[Round "5"]
[White "LiamVrolijk"]
[Black "jefferyx"]
[Result "0-1"]
[WhiteElo "2814"]
[BlackElo "2970"]
[TimeControl "180+1"]
[EndTime "10:58:23 PST"]
[Termination "jefferyx won by resignation"]

1. d4 d5 2. c4 dxc4 3. Nf3 Nf6 4. e3 e6 5. Bxc4 c5 6. O-O Nc6 7. Nc3 a6 8. dxc5 Qxd1 9. Rxd1 Bxc5 10. Be2 O-O 11.
Bd2 Bd7 12. Rac1 Ba7 13. Be1 Rfd8 14. Nd2 Ne5 15. Nde4 Nxe4 16. Nxe4 Bc6 17. Nd6 Bd5 18. Bb4 b5 19. b3 Nc6 20. Ba3 b4 21. e4 bxa3 22.
exd5 Nd4 23. Rxd4 Bxd4 24. Nc4 exd5 25. Na5 Rdc8 26. Nc6 Bf6 27. Bf3 Rc7 28. Bxd5 Rd8 29. Bf3 Rd2 30. Re1 g6 31. Nb4 Bc3 32. Nd5 Rc5 33.
Nf6+ Bxf6 0-1

[Event "*** Titled Tuesday Blitz"]
[Site "Chess.com"]
[Date "2020.11.10"]
[Round "5"]
[White "swisspower96"]
[Black "KetiGrant"]
[Result "0-1"]
[WhiteElo "2560"]
[BlackElo "2413"]
[TimeControl "180+1"]
[EndTime "10:58:23 PST"]
[Termination "KetiGrant won by resignation"]

1. d4 Nf6 2. c4 g6 3. Nc3 Bg7 4. e4 d6 5. h3 O-O 6. Be3 e5 7. d5 c6 8. g4 cxd5 9. cxd5 a6 10. Nge2 b5 11. a3 Nbd7 12. Ng3 Nc5 13. b4 Ncd7 14.
a4 bxa4 15. Nxa4 Rb8 16. Rb1 Ne8 17. h4 Nc7 18. h5 Nb5 19. Bxb5 axb5 20. Nc3 Nb6 21.
Qc1 Bxg4 22. Bh6 Qf6 23. Rg1 Rbc8 24. Bxg7 Kxg7 25. Rb3 Rc4 26. Qd2 Rd4 27. Qc1 Rc8 28. Qa1 Na4 29. f3 Qxf3 30. Nce2 Qxb3 31. Nxd4 Qxb4+ 32. Kf1 0-1

[Event "*** Titled Tuesday Blitz"]
[Site "Chess.com"]
[Date "2020.11.10"]
[Round "5"]
[White "orestn"]
[Black "Makswolf200817"]
[Result "0-1"]
[WhiteElo "2245"]
[BlackElo "2442"]
[TimeControl "180+1"]
[EndTime "10:58:23 PST"]
[Termination "Makswolf200817 won by resignation"]

1. e4 e6 2. d4 d5 3. e5 c5 4. c3 Qb6 5. Nf3 Bd7 6. Bd3 cxd4 7. O-O dxc3 8. Nxc3 Nc6 9. a3 Nge7 10. Re1 Ng6 11. b4 Rc8 12. Bb2 a5 13. Na4 Qd8 14.
b5 Nb8 15. Nc3 Bc5 16. a4 O-O 17. Ne2 Be8 18. Ng3 Nd7 19. Bc1 Nb6 20. Bd2 Nc4 21. Bxc4 dxc4 22. Rc1 Ne7 23. Ne4 Nd5 24. Bg5 Qb6 25.
Nxc5 Qxc5 26. Be3 Qb4 27. Bd4 c3 28. Re4 Rc4 29. Qc2 Qb2 30. Rh4 Qxc2 31. Rxc2 Rxa4 32. Bxc3 Nxc3 33. Rxc3 Ra1+ 0-1

[Event "*** Titled Tuesday Blitz"]
[Site "Chess.com"]
[Date "2020.11.10"]
[Round "5"]
[White "TigrVShlyape"]
[Black "Korchmar_Vasiliy"]
[Result "1-0"]
[WhiteElo "2860"]
[BlackElo "2615"]
[TimeControl "180+1"]
[EndTime "10:58:24 PST"]
[Termination "TigrVShlyape won by resignation"]

1. d4 Nf6 2. Nf3 d5 3. Bf4 c5 4. e3 Nc6 5. Nbd2 cxd4 6. exd4 Qb6 7. Nb3 Bf5 8. Bd3 Bxd3 9. Qxd3 e6 10. O-O Be7 11. a4 a6 12. Ne5 Rc8 13. a5 Qd8 14.
c3 O-O 15. Nxc6 Rxc6 16. Nd2 Bd6 17. Bxd6 Qxd6 18. Rfe1 Rfc8 19. g3 h6 20. Kg2 R8c7 21. Nf3 Nd7 22. h4 b5 23. axb6 Rxb6 24. Re2 Qc6 25. Qe3 Qb7 26. Ra2 Qc6 27. g4 Rcb7 28. g5 h5 29. g6 fxg6 30. Ng5 Nf8 31. Qf3 Qc4 32. Ra5 Rxb2 33. Rxb2 Rxb2 34. Qf7+ 1-0

[Event "*** Titled Tuesday Blitz"]
[Site "Chess.com"]
[Date "2020.11.10"]
[Round "5"]
[White "freshfoodcompany"]
[Black "politeplayer"]
[Result "0-1"]
[WhiteElo "2395"]
[BlackElo "2249"]
[TimeControl "180+1"]
[EndTime "10:58:25 PST"]
[Termination "politeplayer won by checkmate"]

1. d4 Nf6 2. c4 e6 3. Nc3 c5 4. dxc5 Bxc5 5. Nf3 d5 6. cxd5 exd5 7. e3 O-O 8. Be2 Nc6 9. O-O a6 10. b3 Re8 11. Bb2 Bg4 12. h3 Bh5 13. Rc1 Ba7 14.
Nd4 Nxd4 15. Bxh5 Nf5 16. Bf3 Rxe3 17. Nxd5 Nxd5 18. Qxd5 Qxd5 19. Bxd5 Re2 20. Ba3 Ng3 21. Rfd1 Rxf2 22. Kh2 Nf5 23. Bxb7 Rb8 24. Rc8+ Rxc8 25. Bxc8 Nd4 26. Bg4 Rxa2 27. Bd6 f5 28. Bh5 g6 29.
Be5 Nc6 30. Bg3 gxh5 31. Rd6 Nd4 32. Rd8+ Kf7 33. Rd7+ Ke6 34. Rxa7 Nf3+ 35. Kh1 Ra1+ 36. Be1 Rxe1# 0-1

[Event "*** Titled Tuesday Blitz"]
[Site "Chess.com"]
[Date "2020.11.10"]
[Round "5"]
[White "anon481216"]
[Black "lelya96"]
[Result "1-0"]
[WhiteElo "2406"]
[BlackElo "2212"]
[TimeControl "180+1"]
[EndTime "10:58:26 PST"]
[Termination "anon481216 won by resignation"]

1. d4 d5 2. c4 c6 3. Nf3 Nf6 4. Nc3 dxc4 5. a4 Bf5 6. Nh4 Bg6 7. Nxg6 hxg6 8. e3 e6 9. Bxc4 Bb4 10. O-O Nbd7 11.
Qb3 Qc7 12. h3 a5 13. f4 O-O 14.
Bd2 Rad8 15. Rae1 Bxc3 16. bxc3 Ne4 17. Bc1 Ndf6 18. Ba3 Rfe8 19. Qc2 Ng3 20. Rf3 Nge4 21. Bd3 Nd6 22. e4 Nh7 23. e5 Nf5 24. g4 Ne7 25. h4 b6 26. Bd6 Qb7 27. c4 c5 28.
Be4 Qd7 29. dxc5 bxc5 30. Bxc5 Nc6 31. Rd3 Qc7 32. Bd6 Qd7 33. Qd2 Qa7+ 34. c5 Nb4 35. Rd4 f5 36. Bf3 Rd7 37. Kh2 Red8 38. g5 Nf8 39. Rd1 Qa6 40. Qe2 Qxe2+ 41. Bxe2 Nc6 42. R4d2 Nb4 43. Bb5 Rb7 44. c6 Rb6 45. c7 Rc8 46.
Bxf8 Kxf8 47. Rd8+ 1-0

[Event "*** Titled Tuesday Blitz"]
[Site "Chess.com"]
[Date "2020.11.10"]
[Round "5"]
[White "Zhigalko_Sergei"]
[Black "littleplotkin"]
[Result "1-0"]
[WhiteElo "2921"]
[BlackElo "2646"]
[TimeControl "180+1"]
[EndTime "10:58:28 PST"]
[Termination "Zhigalko_Sergei won by resignation"]

1. e4 e5 2. Nf3 Nc6 3. Bc4 Nf6 4.
Ng5 Bc5 5. Bxf7+ Ke7 6. Bb3 Rf8 7. O-O d6 8. c3 h6 9. Nf3 Bg4 10. h3 Bh5 11. d3 Qd7 12. Nbd2 Nh7 13. g4 Bxg4 14. hxg4 Qxg4+ 15. Kh1 Qh3+ 16. Nh2 h5 17.
Nf3 Kd7 18. Rg1 g5 19. Bxg5 Bxf2 20. Rg2 Bb6 21. Qe2 Rae8 22. Be3 Nf6 23. Bxb6 axb6 24. Ng5 Qh4 25. Qf2 Qxf2 26. Rxf2 Ng4 27. Nxg4 hxg4 28. Raf1 Rh8+ 29. Kg2 Nd8 30. Nf7 Nxf7 31. Rxf7+ Kc8 32.
Rg7 Kb8 33. Rff7 g3 34. Rxc7 Ref8 35. Rxb7+ Kc8 36. Be6+ Kd8 1-0

[Event "*** Titled Tuesday Blitz"]
[Site "Chess.com"]
[Date "2020.11.10"]
[Round "5"]
[White "yobdc"]
[Black "Goryachkina"]
[Result "1-0"]
[WhiteElo "2431"]
[BlackElo "2580"]
[TimeControl "180+1"]
[EndTime "10:58:28 PST"]
[Termination "yobdc won by checkmate"]

1. d4 d5 2. Nf3 Nf6 3. e3 Bf5 4.
Bd3 Bxd3 5. cxd3 e6 6. Nc3 Bd6 7. O-O O-O 8. Bd2 Nbd7 9. Nb5 a6 10. Nxd6 cxd6 11. Qb3 Qb6 12. Qa3 Rfc8 13. Rfc1 h6 14. h3 Ne8 15. b3 Qb5 16. Ne1 Nb6 17. Qa5 Qxa5 18. Bxa5 Nd7 19. a4 Kf8 20. f4 Ke7 21.
Nf3 f5 22. Kf2 Ndf6 23. Ke2 Kd7 24. Kd2 Rxc1 25. Rxc1 Rc8 26. Rg1 h5 27. Ng5 Ke7 28.
Bb4 Rc6 29. Ba3 Nc7 30. Nf3 Kd7 31. Nh2 Ke7 32. Nf3 Kd7 33. Nh2 Ke7 34. g4 hxg4 35. hxg4 Nxg4 36. Nxg4 fxg4 37. Rxg4 Kf7 38. Rh4 Rb6 39.
Kc2 Rc6+ 40. Kd2 Rb6 41. Kc2 Rc6+ 42. Kb2 Ne8 43. Rh8 b5 44. axb5 axb5 45. Bb4 Rc8 46. e4 dxe4 47. dxe4 d5 48. f5 dxe4 49. Rf8# 1-0

[Event "*** Titled Tuesday Blitz"]
[Site "Chess.com"]
[Date "2020.11.10"]
[Round "5"]
[White "Mikhail_Golubev"]
[Black "Vasily85"]
[Result "1-0"]
[WhiteElo "2574"]
[BlackElo "2396"]
[TimeControl "180+1"]
[EndTime "10:58:28 PST"]
[Termination "Mikhail_Golubev won by checkmate"]

1. e4 c5 2. Nf3 e6 3. d4 cxd4 4.
Nxd4 Nc6 5. Nc3 Qc7 6. Be3 a6 7. a3 b5 8. Nxc6 Qxc6 9. Bd3 Bb7 10. O-O Nf6 11. Re1 Bd6 12. f4 O-O 13. Kh1 Rac8 14. Qd2 b4 15. axb4 Bxb4 16. Bd4 Kh8 17. e5 Nd5 18. Be4 Qc4 19. f5 Nxc3 20. Bxb7 Nb5 21. c3 Nxd4 22. Bxc8 Nb3 23. Qxd7 Nxa1 24. cxb4 Nc2 25.
Rc1 Qxc8 26. Qd2 exf5 27. Qxc2 Qe6 28. Qc5 g6 29. Qxf8# 1-0

[Event "*** Titled Tuesday Blitz"]
[Site "Chess.com"]
[Date "2020.11.10"]
[Round "5"]
[White "Dinamo3"]
[Black "malakismayil"]
[Result "1-0"]
[WhiteElo "2414"]
[BlackElo "2236"]
[TimeControl "180+1"]
[EndTime "10:58:28 PST"]
[Termination "Dinamo3 won by resignation"]

1. e4 e5 2. Nf3 Nc6 3. Bc4 Bc5 4. O-O Nf6 5. d3 O-O 6. Nbd2 h6 7. c3 d6 8. b4 Bb6 9. a4 a6 10. Bb3 Bg4 11. h3 Bh5 12. Re1 Re8 13. Nf1 Qd7 14.
Ng3 Bg6 15. Nh4 Bh7 16. Qf3 Qd8 17. Nhf5 Bg6 18. Nh4 Bh7 19. Ngf5 Nb8 20. Qg3 Nh5 21. Nxh6+ Kf8 22. Qg4 Nf6 23. Qf3 gxh6 24. Bxh6+ Ke7 25. Bg5 Nd7 26. d4 Rg8 27. Nf5+ Bxf5 28. Qxf5 exd4 29. e5 dxe5 30. Rxe5+ Nxe5 31. Bxf6+ Kf8 32. Bxd8 Rxd8 33. Qxe5 d3 34. a5 Ba7 35. Qf5 Rg7 36. Rd1 d2 37.
Qf4 Rd6 38. Rxd2 Rxd2 39. Qxd2 Kg8 40. Bc2 1-0

[Event "*** Titled Tuesday Blitz"]
[Site "Chess.com"]
[Date "2020.11.10"]
[Round "5"]
[White "Xeniya2005"]
[Black "dominikaf"]
[Result "1-0"]
[WhiteElo "2385"]
[BlackElo "2202"]
[TimeControl "180+1"]
[EndTime "10:58:29 PST"]
[Termination "Xeniya2005 won by checkmate"]

1. e4 e5 2. Nf3 d6 3. Nc3 c5 4.
Bc4 Nc6 5. a4 Be7 6. d3 Nf6 7. Be3 O-O 8. h3 a6 9. O-O Rb8 10. Qd2 Nd4 11. Nh2 b5 12. axb5 axb5 13. Ba2 Be6 14. Bxe6 fxe6 15. Ne2 d5 16. Bxd4 exd4 17. e5 Nd7 18. f4 Qb6 19. Nf3 Ra8 20. Kh2 Ra7 21. g4 Rfa8 22. Rxa7 Rxa7 23. Ng3 Ra2 24.
Qc1 c4 25. f5 Nc5 26. Ng5 cxd3 27. f6 gxf6 28. exf6 Bd6 29. f7+ Kf8 30. Nxh7+ Kg7 31. f8=Q+ Bxf8 32. Nxf8 dxc2 33. Qg5+ Kh8 34. Qh6+ Kg8 35.
Qh7# 1-0

[Event "*** Titled Tuesday Blitz"]
[Site "Chess.com"]
[Date "2020.11.10"]
[Round "5"]
[White "WiktoriaPOL"]
[Black "Trickov"]
[Result "0-1"]
[WhiteElo "2096"]
[BlackElo "2332"]
[TimeControl "180+1"]
[EndTime "10:58:29 PST"]
[Termination "Trickov won on time"]

1. c4 c6 2. Nf3 d5 3. e3 Nf6 4. Nc3 Bg4 5. b3 e6 6. Be2 Nbd7 7. h3 Bh5 8. cxd5 exd5 9. d4 Bd6 10. Bd2 O-O 11.
Rb1 Qe7 12. O-O Rfe8 13. Qc2 Ne4 14. Rfc1 Ba3 15. Rd1 Nxd2 16. Qxd2 Bb4 17. Qb2 a5 18. Qc2 Nf6 19. Ne5 Bxe2 20. Nxe2 Ne4 21. f3 Nd6 22. e4 f6 23. Ng4 dxe4 24. fxe4 Qxe4 25. Qxe4 Rxe4 26. Kf2 Rd8 27. Ng3 Ree8 28. d5 h5 0-1

[Event "*** Titled Tuesday Blitz"]
[Site "Chess.com"]
[Date "2020.11.10"]
[Round "5"]
[White "joppie2"]
[Black "vladislavkovalev"]
[Result "1-0"]
[WhiteElo "2971"]
[BlackElo "2857"]
[TimeControl "180+1"]
[EndTime "10:58:30 PST"]
[Termination "joppie2 won on time"]

1. e4 e5 2. Nf3 Nc6 3. Bb5 a6 4. Ba4 Nf6 5. O-O Be7 6. d3 b5 7. Bb3 d6 8. a4 Bd7 9. c3 O-O 10.
Bg5 h6 11. Bh4 Na5 12. Ba2 bxa4 13. Nbd2 Rb8 14. Qc2 Nh5 15. Bg3 Nxg3 16. hxg3 c5 17. Bd5 Qb6 18. Ra2 Kh8 19. Rfa1 Nb3 20. Rb1 Na5 21. Rxa4 Bxa4 22. Qxa4 Qb5 23. Ra1 Bd8 24. Qxb5 Rxb5 25. b3 Bc7 26. Kf1 g6 27. Ke2 Kg7 28. Ne1 Rfb8 29. Ra3 Bd8 30. Nc2 Bc7 31. Ne3 Bd8 32.
f4 Bc7 33. Nf3 Kf6 34. Nd2 Ke7 35. f5 Kf6 36. Kd1 h5 37. Kc2 Kg7 38. Ra1 Kf6 39.
Rf1 Kg7 40. fxg6 f6 41. Bf7 R5b7 42. Nf5+ Kf8 43. Bd5 Bd8 44. Rh1 1-0